 Dungeon Crawl Stone Soup version 0.28-a0-906-g0406aca7d3 (webtiles) character file.

Game seed: 15246589162202103454

1105 horus123 the Thaumaturge (level 8, -1/41 HPs)
             Began as a Deep Elf Conjurer on Nov 24, 2021.
             Was an Initiate of Yredelemnul.
             Slain by a hornet (10 damage)
             ... on level 5 of the Dungeon.
             The game lasted 00:12:39 (5465 turns).

horus123 the Thaumaturge (Deep Elf Conjurer)        Turns: 5465, Time: 00:12:40

Health: -1/41      AC:  5    Str:  4    XL:     8   Next: 11%
Magic:  13/22      EV: 12    Int: 26    God:    Yredelemnul [......]
Gold:   148        SH:  0    Dex: 13    Spells: 4/23 levels left

rFire   . . .      SeeInvis .   b - staff of conjuration
rCold   . . .      Faith    .   (no shield)
rNeg    . . .      Spirit   .   a - +0 robe
rPois   .          Reflect  .   (no helmet)
rElec   .          Harm     .   i - +1 cloak
rCorr   .          Rampage  .   k - +0 pair of gloves
Will    .....                   (no boots)
Stlth   ++........              (no amulet)
HPRegen 0.13/turn               (no ring)
MPRegen 0.18/turn               (no ring)

@: slowed, very slow
A: no striking features
a: Renounce Religion


You were on level 5 of the Dungeon.
You worshipped Yredelemnul.
Yredelemnul was noncommittal.
You visited 2 branches of the dungeon, and saw 6 of its levels.

You collected 148 gold pieces.

Inventory:

Armour
 a - a +0 robe (worn)
 i - a +1 cloak (worn)
 k - a +0 pair of gloves (worn)
Magical Staves
 b - a staff of conjuration (weapon)
Scrolls
 c - a scroll of blinking
 f - 2 scrolls of teleportation
 l - a scroll of brand weapon {unknown}
Potions
 d - a potion of degeneration
 e - a potion of berserk rage
 g - a potion of heal wounds {unknown}
 h - a potion of curing {unknown}
 j - 2 potions of lignification
 n - a potion of mutation {unknown}


   Skills:
 - Level 2.4 Dodging
 - Level 2.4 Stealth
 - Level 8.3 Spellcasting
 - Level 5.0 Conjurations
 - Level 5.3 Hexes
 - Level 5.4 Summonings
 + Level 2.0 Air Magic


You had 4 spell levels left.
You knew the following spells:

 Your Spells              Type           Power      Damage    Failure   Level
a - Magic Dart            Conj           100%       1d8       1%          1
b - Searing Ray           Conj           100%       2d8       1%          2
c - Dazzling Flash        Conj/Hex       100%       N/A       1%          3
d - Call Imp              Summ           39%        N/A       1%          2
e - Summon Guardian Gole  Hex/Summ       38%        N/A       1%          3
f - Summon Lightning Spi  Summ/Air       30%        N/A       12%         4
g - Fulminant Prism       Conj/Hex       27%        3d14      6%          4

Your spell library contained the following spells:

 Spells                   Type           Power      Damage    Failure   Level
 Apportation              Tloc           20%        N/A       5%          1
 Blink                    Tloc           20%        N/A       9%          2
 Iskenderun's Mystic Bla  Conj/Tloc      36%        2d9       19%         4
 Passage of Golubria      Tloc           10%        N/A       47%         4


Dungeon Overview and Level Annotations

Branches:
Dungeon (5/15)             Temple (1/1) D:4

Altars:
Ashenzari
Cheibriados
Dithmenos
Elyvilon
Fedhas
Hepliaklqana
Makhleb
Nemelex Xobeh
Okawaru
Qazlal
Sif Muna
Trog
Uskayaw
Wu Jian
Xom
Yredelemnul
Zin
The Shining One

Annotations:
D:3 2 transporters


Message History

Press: ? - help, Shift-Dir - straight line, f/p - hornet
Aim: a hornet (lightly wounded, 74% to hit)
You feel a surge of power!
The searing ray hits the hornet but does no damage.
The hornet is lightly wounded. (Press . to maintain the ray.)
The searing ray hits the hornet!
The hornet is moderately wounded.
The searing ray hits the hornet!
The hornet is heavily wounded.
The hornet stings you but does no damage.
The searing ray hits the hornet.
The hornet is heavily wounded.
You finish channelling your searing ray.
The hornet stings you!
You feel yourself slow down. The hornet stings you!
You feel as though you will be slow longer.
Casting: Searing Ray (safe; 1% risk of failure)
Confirm with . or Enter, or press ? or * to list all spells.
Aiming: Searing Ray (safe; 1% risk of failure)
Press: ? - help, Shift-Dir - straight line, f/p - hornet
Aim: a hornet (heavily wounded, 74% to hit)
You feel a surge of power!
The searing ray misses the hornet. (Press . to maintain the ray.)
The hornet stings you.
You feel as though you will be slow longer.
The hornet barely misses you.
The searing ray hits the hornet but does no damage.
The hornet is heavily wounded.
The hornet closely misses you. The hornet stings you.
* * * LOW HITPOINT WARNING * * *
You feel as though you will be slow longer.
The searing ray hits the hornet but does no damage.
The hornet is heavily wounded.
The hornet barely misses you. The hornet closely misses you.
The searing ray hits the hornet!
The hornet is almost dead.
You finish channelling your searing ray.
The hornet closely misses you. The hornet stings you!
You die...
Your body rises from the dead as a mindless zombie.

#.......#####
#####........ #
#........ #. #........
#.. #........ #...
#........ #...[
#........
#.....##########........
+.....y@...............)
#.....##########........
##### #........
#........ #........
#########


You could see a hornet.

Vanquished Creatures
  A water moccasin (D:3)
  An orc warrior (D:5)
  2 sky beasts (D:5)
  2 necrophages
  2 scorpions
  A water moccasin skeleton (D:3)
  A howler monkey (D:4)
  Crazy Yiuf (D:2)
  An orc priest (D:3)
  A bullfrog skeleton (D:5)
  An iguana (D:5)
  2 orc wizards (D:4)
  3 gnolls (D:3)
  6 adders
  A river rat (D:4)
  A white imp (D:5)
  A worm (D:4)
  4 dart slugs
  10 orcs
  2 bats
  8 giant cockroaches
  5 goblins
  10 hobgoblins
  6 jackals (D:4)
  6 quokkas
  4 ball pythons
  3 frilled lizards
  4 kobolds
  8 rats
98 creatures vanquished.

Notes
Turn   | Place    | Note
-------+----------+-------------------------------------------
     0 | D:1      | horus123 the Deep Elf Conjurer began the quest for the Orb.
     0 | D:1      | Reached XP level 1. HP: 10/10 MP: 6/6
   472 | D:1      | Reached skill level 4 in Spellcasting
   472 | D:1      | Reached XP level 2. HP: 15/15 MP: 7/9
   475 | D:1      | Learned a level 2 spell: Searing Ray
  1198 | D:2      | Reached skill level 5 in Conjurations
  1198 | D:2      | Reached XP level 3. HP: 19/19 MP: 6/10
  1202 | D:2      | Learned a level 3 spell: Dazzling Flash
  1323 | D:2      | Reached skill level 1 in Hexes
  1634 | D:2      | Found a runed translucent door.
  1635 | D:2      | Noticed Crazy Yiuf
  1644 | D:2      | Killed Crazy Yiuf
  1645 | D:2      | Reached XP level 4. HP: 24/24 MP: 2/12
  1827 | D:2      | Identified a scroll of acquirement
  1827 | D:2      | Acquired Qygiss's Handbook of the Supportive Compass
  1832 | D:2      | Learned a level 2 spell: Call Imp
  1836 | D:2      | Learned a level 3 spell: Summon Guardian Golem
  2089 | D:3      | Reached XP level 5. HP: 28/28 MP: 8/13
  2157 | D:3      | Reached skill level 5 in Hexes
  2376 | D:3      | Found a transporter.
  2391 | D:3      | Found a transporter.
  2589 | D:3      | Noticed a water moccasin
  2594 | D:3      | Killed a water moccasin
  2595 | D:3      | Reached XP level 6. HP: 30/32 MP: 5/14
  3057 | D:4      | Reached skill level 5 in Spellcasting
  3060 | D:4      | Reached skill level 6 in Spellcasting
  3060 | D:4      | Reached XP level 7. HP: 30/36 MP: 2/18
  3625 | D:4      | Found a staircase to the Ecumenical Temple.
  3667 | Temple   | Entered the Ecumenical Temple
  3800 | Temple   | Became a worshipper of Yredelemnul the Dark
  4305 | D:5      | Entered Level 5 of the Dungeon
  4311 | D:5      | Reached skill level 7 in Spellcasting
  4611 | D:5      | Reached skill level 8 in Spellcasting
  4616 | D:5      | Learned a level 4 spell: Summon Lightning Spire
  4621 | D:5      | Learned a level 4 spell: Fulminant Prism
  5144 | D:5      | Reached skill level 5 in Summonings
  5144 | D:5      | Reached XP level 8. HP: 41/41 MP: 6/22
  5362 | D:5      | Reached skill level 1 in Air Magic
  5456 | D:5      | Noticed a hornet
  5465 | D:5      | Slain by a hornet

Illustrated notes

Levels and vault maps discovered:
D:1:      dpeg_arrival_lava_temple_mockup, layout_basic
D:2:      layout_rooms, serial_glass, glass_columns_c, glass_columns_a,
          corexii_hall_statues_s, uniq_crazy_yiuf_cottage
D:3:      gammafunk_steamed_eel, layout_basic
D:4:      layout_gridville, minmay_temple_entry_sparse_star,
          gup_sewer_entry_spiral, minmay_door_square
D:5:      layout_basic, kennysheep_generic_room_10
Temple:   mainiacjoe_temple_coin_purse

Skill      XL: |  1  2  3  4  5  6  7  8 |
---------------+-------------------------+-----
Spellcasting   | 4 6 8 |  8.3
Conjurations   | 5 |  5.0
Hexes          | 3 4 5 |  5.3
Summonings     | 3 4 5 |  5.4
Air Magic      | 2 |  2.0
Dodging        | |  2.4
Stealth        | |  2.4

Action                   |  1- 3 |  4- 6 |  7- 9 || total
-------------------------+-------+-------+-------++-------
Melee: Staff             |       |       |     5 ||     5
 Cast: Magic Dart        |    60 |    48 |    98 ||   206
       Searing Ray       |     2 |     9 |    14 ||    25
  Use: Scroll            |     4 |     4 |     2 ||    10
Armor: Robe              |       |     3 |    15 ||    18
Dodge: Dodged            |     4 |     7 |    23 ||    34

Table legend: (Time is in decaauts)
 A = Elapsed time spent in this place.
 B = Non-inter-level travel time spent in this place.
 C = Inter-level travel time spent in this place.
 D = Time resting spent in this place.
 E = Time spent auto-exploring this place.
 F = Levels seen in this place.
 G = Mean time per level.
                   A        B        C        D        E       F      G
               +--------+--------+--------+--------+--------+-----+--------+
         Total |   5505 |   5402 |    103 |    872 |   3905 |   6 |  917.5 |
       Dungeon |   5359 |   5268 |     91 |    872 |   3819 |   5 | 1071.8 |
        Temple |    145 |    133 |     12 |      0 |     86 |   1 |  145.0 |
               +--------+--------+--------+--------+--------+-----+--------+

Top non-repeatable levels by time:
     D:3: 1296 daAuts
     D:4: 1237 daAuts
     D:1: 1077 daAuts
     D:5: 886 daAuts
     D:2: 862 daAuts
  Temple: 145 daAuts
